AoeStats
← Enrico_Pallazzo

Arabia

503136182Analyzed
1v1 RM · 3mo ago on Aug 30, 2026· 31m 38s· 2 players
Game mode
Random Map
Map size
Tiny (2 player)
Population
200
Speed
Normal
Resources
Standard
Victory
Conquest
Starting age
Dark Age
Ending age
Imperial Age
RankedLock teamsTeams togetherTeam positionsShared explorationLock speedFull tech treeHidden civsTurbo modeCheats
Victory
Defeat
🇺🇸 Ethiopians · United States
985
+17
vs
🇫🇮 Maya · Finland
1012
-17
Enrico_Pallazzo
6:17 Loom
9:14 Feudal Age
10:13 Double-Bit Axe
13:37 Horse Collar
14:11 Gold Mining
15:20 Town Watch
17:12 Forging
16:54 Fletching
17:06 Padded Archer Armor
23:45 Castle Age
23:59 Crossbowman
24:45 Thumb Ring
24:50 Bodkin Arrow
25:10 Leather Archer Armor
25:39 Bow Saw
26:45 Wheelbarrow
27:03 Ballistics
31:55 Hand Cart
ponzi
0:25 Loom
11:09 Feudal Age
11:32 Horse Collar
11:38 Double-Bit Axe
18:59 Castle Age
19:52 Bow Saw
19:59 Heavy Plow
20:00 Crossbowman
23:24 Padded Archer Armor
28:34 Elite Skirmisher
31:19 Fletching
31:45 Leather Archer Armor
Connection lost

Rejoining the realm…

Still unreachable

The connection could not be restored.

Session expired

The server has moved on; the page needs a fresh start.